 Dungeon Sprint DCSS version 0.18-a0-1788-g92de1ac (webtiles) character file.

7444 Kidiri the Unseen (level 10, 0/53 HPs)
             Began as a Spriggan Enchanter on Apr 19, 2016.
             Was a Priest of Dithmenos.
             Killed from afar by a hellephant (34 damage)
             ... with a blast of flame
             ... in the Dungeon (Sprint II: "The Violet Keep of Menkaure").
             The game lasted 00:16:10 (2071 turns).

Kidiri the Unseen (Spriggan Enchanter)              Turns: 2071, Time: 00:16:11

Health: 0/53       AC:  3    Str:  4    XL:     10   Next: 93%
Magic:  19/27      EV: 31    Int: 21    God:    Dithmenos [***...]
Gold:   360        SH:  0    Dex: 19    Spells: 8 memorised, 6 levels left

rFire  + . .     SeeInvis +     a - +1 dagger
rCold  + + .     Gourm    .     k - +1 robe of the Shoals {rF+ rCorr SInv} (curse)
rNeg   . . .     Faith    .     (shield restricted)
rPois  +         Spirit   .     e - +0 hat {Int+3}
rElec  +         Dismiss  .     (no cloak)
rCorr  +         Reflect  .     (gloves unavailable)
SustAt .         Harm     .     (boots unavailable)
MR     +....     NoTele   +     (no amulet)
Stlth  +++++++++.               n - ring of ice
                                f - ring of wizardry

@: resistant, very slightly contaminated, wreathed by umbra, very quick,
somewhat resistant to hostile enchantments, incredibly stealthy
A: unfitting armour, see invisible, herbivore 3, speed 3, slow metabolism 2
a: Shadow Step, Renounce Religion


You were in the Dungeon.
You worshipped Dithmenos.
Dithmenos was most pleased with you.
You were not hungry.

You visited 1 branch You collected 1155 gold pieces.
You spent 795 gold pieces at shops.

Inventory:

Hand Weapons
 a - a +1 dagger (weapon)
Armour
 e - a +0 hat of intelligence (worn)
 k - the cursed +1 robe of the Shoals (worn) {rF+ rCorr SInv}
   (You bought it in a shop in the Dungeon)

   It protects you from fire.
   It lets you see invisible.
   It protects you from acid and corrosion.
   It has a curse placed upon it.
Jewellery
 f - a ring of wizardry (left hand)
 n - a ring of ice (right hand)
 v - an uncursed ring of sustain attributes
Scrolls
 c - a scroll of immolation
 h - 3 scrolls of identify
 i - 2 scrolls of remove curse {unknown}
 s - a scroll of magic mapping {unknown}
 t - a scroll of enchant armour {unknown}
Potions
 b - a potion of beneficial mutation {unknown}
 g - a potion of haste
 j - 3 potions of resistance
 l - 3 potions of flight
 m - a potion of curing
 p - a potion of heal wounds
 q - a potion of might {unknown}
 u - a potion of degeneration {unknown}
Comestibles
 o - a slice of pizza


   Skills:
 + Level 5.8 Fighting
 * Level 11.0 Short Blades
 + Level 5.2 Armour
 * Level 14.2 Dodging
 * Level 15.3 Stealth
 * Level 12.1 Spellcasting
 + Level 4.7 Conjurations
 + Level 9.3 Hexes
 + Level 5.2 Ice Magic
 * Level 6.2 Air Magic
 + Level 4.4 Poison Magic
 + Level 4.4 Invocations


You had 6 spell levels left.
You knew the following spells:

 Your Spells              Type           Power        Failure   Level  Hunger
a - Corona                Hex            ######.      1%          1    None
b - Ensorcelled Hibernat  Hex/Ice        ######       1%          2    None
c - Confuse               Hex            ######..     1%          3    None
d - Tukima's Dance        Hex            ######..     1%          3    None
e - Dazzling Spray        Conj/Hex       #####...     1%          3    None
f - Mephitic Cloud        Conj/Pois/Air  ####....     1%          3    None
g - Freezing Cloud        Conj/Ice/Air   ######....   58%         6    #####..
h - Poisonous Cloud       Conj/Pois/Air  ####......   58%         6    #####..


Dungeon Overview and Level Annotations

Branches:
Dungeon (1/1)

Altars:
Cheibriados
Dithmenos
Elyvilon
Fedhas
Gozag
Kikubaaqudgha
Makhleb
Nemelex Xobeh
Okawaru
Pakellas
Qazlal
Ru
Sif Muna
Trog
Vehumet
Xom
Yredelemnul
Zin
The Shining One
Beogh
Jiyva
Lugonu

Shops:
D (*:!}%[[:*==!?([

Annotations:
D exclusion: oklob plant, Roxanne


Innate Abilities, Weirdness & Mutations

You are tiny and cannot use many weapons and most armour.
You have supernaturally acute eyesight.
You are a herbivore.
You cover ground extremely quickly.
You need consume almost no food.


Message History

The spray of energy hits the hellephant.
The hellephant is almost dead.
Casting: Dazzling Spray
Confirm with . or Enter, or press ? or * to list all spells.
Aiming: Dazzling Spray
Press: ? - help, Shift-Dir - straight line, f/p - hellephant
Aim: a hellephant (almost dead, umbra)
The spray of energy hits the hellephant.
The hellephant is almost dead.
Casting: Dazzling Spray
Confirm with . or Enter, or press ? or * to list all spells.
Aiming: Dazzling Spray
Press: ? - help, Shift-Dir - straight line, f/p - hellephant
Aim: a hellephant (almost dead, umbra)
The spray of energy hits the hellephant.
The hellephant is almost dead.
The hellephant breathes flames at you. The blast of flame hits you! You resist.
Ouch! That really hurt!
You die...

+..§▓0..▓
#.§§▓▓▓▓▓▓▓▓▓▓
#.§.▓§≈≈≈§§§≈▓▓
#§}▓▓▓▓▓▓▓▓▓▓▓▓+▓▓
#§[▓..((...%▓▓..$▓ #.
k#))▓.[).)...▓▓.⌠.▓
+.##.#|[▓..)[.)[.▓▓...▓
...####▓..(.[[)(▓▓..$▓
#..##:#▓.)..).[@▓▓...▓
+..#..#▓)%.)...(▓▓$).▓
#..#..#▓.).....Y▓▓.⌠.▓
##.^##.#▓)(...[.(▓▓G).▓
###.^.##▓▓▓▓▓▓▓'▓▓▓▓§▓▓
..≈≈)≈≈≈≈≈≈≈≈≈≈...≈≈≈▓
..≈#'########'###.≈≈≈▓
..≈#....._._#≈§≈##≈≈≈▓
≈.≈#...._._.#≈≈≈§####▓▓


You could see a hellephant.

Vanquished Creatures
  A kraken (D)
  A draconian shifter (D)
  Sonja (D)
  A giant orange brain (D)
  2 deep trolls (D)
  A siren (D)
  A yaktaur (D)
  3 polar bears (D)
  2 boulder beetles (D)
  2 hippogriffs (D)
  A vampire mosquito (D)
  Menkaure (D)
  A wasp (D)
  4 crocodiles (D)
  4 worker ants (D)
  A tentacle (D)
27 creatures vanquished.

Vanquished Creatures (others)
  A crocodile (D)
  7 tentacles (D)
  128 tentacle segments (D)
136 creatures vanquished.

Grand Total: 163 creatures vanquished

Notes
Turn   | Place    | Note
--------------------------------------------------------------
     0 | D        | Kidiri the Spriggan Enchanter began the quest for the Orb.
     0 | D        | Reached XP level 1. HP: 9/9 MP: 5/5
     1 | D        | Noticed a hippogriff
     1 | D        | Noticed a hippogriff
     4 | D        | Noticed a worker ant
     4 | D        | Noticed a worker ant
     7 | D        | Noticed a siren
    10 | D        | Noticed a boulder beetle
    10 | D        | Noticed a boulder beetle
    16 | D        | Noticed a worker ant
    16 | D        | Noticed a worker ant
    24 | D        | Killed a worker ant
    24 | D        | Reached skill level 1 in Fighting
    24 | D        | Reached skill level 5 in Stealth
    24 | D        | Reached XP level 2. HP: 14/14 MP: 5/7
    25 | D        | Reached skill level 1 in Armour
    25 | D        | Reached skill level 5 in Dodging
    25 | D        | Reached skill level 6 in Stealth
    25 | D        | Reached XP level 3. HP: 18/18 MP: 5/9
    32 | D        | Reached XP level 4. HP: 22/22 MP: 5/11
    36 | D        | Reached skill level 7 in Stealth
    51 | D        | Learned a level 2 spell: Ensorcelled Hibernation
    55 | D        | Learned a level 3 spell: Confuse
    59 | D        | Learned a level 3 spell: Tukima's Dance
    63 | D        | Learned a level 3 spell: Dazzling Spray
   111 | D        | Killed a crocodile
   233 | D        | Killed a hippogriff
   233 | D        | Reached skill level 5 in Short Blades
   233 | D        | Reached skill level 8 in Stealth
   233 | D        | Reached skill level 1 in Conjurations
   233 | D        | Reached skill level 5 in Hexes
   233 | D        | Reached skill level 1 in Ice Magic
   233 | D        | Reached XP level 5. HP: 18/27 MP: 1/14
   245 | D        | Killed a hippogriff
   245 | D        | Reached skill level 9 in Stealth
   245 | D        | Reached XP level 6. HP: 17/32 MP: 7/17
   508 | D        | Reached skill level 10 in Stealth
   577 | D        | Killed a siren
   577 | D        | Reached skill level 10 in Dodging
   577 | D        | Reached skill level 11 in Stealth
   577 | D        | Reached XP level 7. HP: 36/36 MP: 18/20
   606 | D        | Killed a boulder beetle
   614 | D        | Killed a boulder beetle
   614 | D        | Reached XP level 8. HP: 37/42 MP: 8/22
   629 | D        | Noticed Roxanne
   635 | D        | Found Irrehemi's Jewellery Emporium.
   636 | D        | Found Erghuprelab's General Store.
   636 | D        | Found Gyomol's Book Shoppe.
   643 | D        | Found Cazehiy's Antique Armour Shoppe.
   643 | D        | Found Luoda's Magic Scroll Emporium.
   650 | D        | Found Palucronk's Antique Armour Emporium.
   650 | D        | Found Komeh's Jewellery Shoppe.
   651 | D        | Found Jerrur's Antique Armour Shoppe.
   651 | D        | Found Titol's Food Emporium.
   651 | D        | Found Geurus's Distillery.
   652 | D        | Found Tisoq's Antique Weapon Shoppe.
   654 | D        | Found Xaenod's Gadget Emporium.
   654 | D        | Found Gucsexae's Distillery.
   654 | D        | Noticed an oklob plant
   655 | D        | Found Pajopell's General Store.
   655 | D        | Found Oxeen's Book Shoppe.
   655 | D        | Found Rilehayw's Antique Weapon Emporium.
   660 | D        | Noticed a fire dragon
   691 | D        | Bought a runed hat for 108 gold pieces
   704 | D        | Bought a book of Clouds for 585 gold pieces
   708 | D        | Learned a level 3 spell: Mephitic Cloud
   715 | D        | Learned a level 6 spell: Freezing Cloud
   727 | D        | Bought a distressingly furry robe for 102 gold pieces
   737 | D        | Identified the cursed +1 robe of the Shoals {rF+ rCorr SInv} (You bought it in a shop in the Dungeon)
   770 | D        | Found a burning altar of Makhleb.
   770 | D        | Found a roughly hewn altar of Beogh.
   770 | D        | Found an iron altar of Okawaru.
   771 | D        | Found a radiant altar of Vehumet.
   771 | D        | Found an ancient bone altar of Kikubaaqudgha.
   772 | D        | Found a snail-covered altar of Cheibriados.
   772 | D        | Found a corrupted altar of Lugonu.
   772 | D        | Found a white marble altar of Elyvilon.
   773 | D        | Found a shadowy altar of Dithmenos.
   773 | D        | Found a blossoming altar of Fedhas.
   773 | D        | Found a glowing golden altar of the Shining One.
   774 | D        | Found an opulent altar of Gozag.
   774 | D        | Found a bloodstained altar of Trog.
   775 | D        | Found a shimmering altar of Xom.
   776 | D        | Found a sparkling altar of Nemelex Xobeh.
   776 | D        | Found a deep blue altar of Sif Muna.
   776 | D        | Found a basalt altar of Yredelemnul.
   776 | D        | Found an oddly glowing altar of Pakellas.
   776 | D        | Found a stormy altar of Qazlal.
   776 | D        | Found a glowing silver altar of Zin.
   776 | D        | Noticed a polar bear
   777 | D        | Found a sacrificial altar of Ru.
   777 | D        | Found a viscous altar of Jiyva.
   777 | D        | Noticed a yaktaur
   778 | D        | Noticed Menkaure
   782 | D        | Became a worshipper of Dithmenos the Shadowed
   790 | D        | Noticed a polar bear
   792 | D        | Noticed a polar bear
   794 | D        | Killed a polar bear
   794 | D        | Reached skill level 12 in Stealth
   794 | D        | Reached skill level 1 in Air Magic
   801 | D        | Reached skill level 1 in Poison Magic
   801 | D        | Reached skill level 1 in Invocations
   802 | D        | Killed a polar bear
   802 | D        | Reached * piety under Dithmenos
   809 | D        | Killed a polar bear
   814 | D        | Killed a yaktaur
   814 | D        | Reached skill level 10 in Spellcasting
   814 | D        | Reached XP level 9. HP: 18/46 MP: 6/24
   840 | D        | Killed Menkaure
   840 | D        | Reached ** piety under Dithmenos
   847 | D        | Reached skill level 13 in Stealth
   854 | D        | Noticed a kraken
   880 | D        | Noticed an orange crystal statue
  1003 | D        | Learned a level 6 spell: Poisonous Cloud
  1003 | D        | Noticed a deep troll
  1004 | D        | Noticed a deep troll
  1044 | D        | Killed a deep troll
  1078 | D        | Killed a deep troll
  1078 | D        | Reached *** piety under Dithmenos
  1078 | D        | Reached skill level 5 in Fighting
  1947 | D        | Killed a kraken
  1947 | D        | Reached skill level 10 in Short Blades
  1947 | D        | Reached skill level 14 in Stealth
  1947 | D        | Reached skill level 5 in Air Magic
  1947 | D        | Reached XP level 10. HP: 51/51 MP: 10/26
  2016 | D        | Noticed a white draconian shifter
  2016 | D        | Noticed Sonja
  2017 | D        | Noticed a giant orange brain
  2017 | D        | Noticed a hellephant
  2018 | D        | Killed Sonja
  2018 | D        | Reached skill level 5 in Armour
  2018 | D        | Reached skill level 5 in Ice Magic
  2022 | D        | Killed a white draconian shifter
  2022 | D        | Reached skill level 15 in Stealth
  2054 | D        | Killed a giant orange brain
  2071 | D        | Killed from afar by a hellephant

Vault maps used:
D:        the_violet_keep_of_menkaure

Skill      XL: |  1  2  3  4  5  6  7  8  9 10 |
---------------+-------------------------------+-----
Fighting       | 1 2 3 4 5 |  5.8
Short Blades   | 2 3 5 6 7 8 10 11 | 11.0
Dodging        | 4 5 7 8 10 11 13 14 | 14.2
Stealth        | 5 6 8 9 11 12 14 15 | 15.3
Spellcasting   | 3 4 6 7 8 9 10 11 12 | 12.1
Hexes          | 4 5 6 7 8 9 |  9.3
Armour         | 1 2 3 4 5 |  5.2
Conjurations   | 1 2 3 4 |  4.7
Ice Magic      | 1 2 3 4 5 |  5.2
Air Magic      | 2 5 6 |  6.2
Poison Magic   | 2 3 4 |  4.4
Invocations    | 1 3 4 |  4.4

Action                   |  1- 3 |  4- 6 |  7- 9 | 10-12 || total
-------------------------+-------+-------+-------+-------++-------
Melee: Dagger            |    12 |    13 |    44 |     5 ||    74
 Cast: Ensorcelled Hiber |       |    11 |    15 |     1 ||    27
       Dazzling Spray    |       |     2 |    23 |    18 ||    43
       Confuse           |       |       |     5 |       ||     5
       Mephitic Cloud    |       |       |     1 |       ||     1
Invok: Shadow Step       |       |       |       |     1 ||     1
  Use: Potion            |     2 |     1 |     3 |     5 ||    11
       Scroll            |       |       |     1 |     1 ||     2
 Stab: Sleeping          |     1 |     4 |     8 |     3 ||    16
       Invisible         |       |     1 |     8 |     1 ||    10
       Confused          |       |       |     7 |       ||     7
  Eat: Bread ration      |       |       |     1 |       ||     1
Armor: Robe              |       |     2 |     1 |       ||     3
Dodge: Dodged            |    12 |    27 |    69 |    10 ||   118
